 Dungeon Crawl Stone Soup version 0.22-a0-441-gcf5b0c6 (webtiles) character file.

431 emperorscorpion the Conjurer (level 6, -8/47 HPs)
             Began as a Draconian Conjurer on May 30, 2018.
             Mangled by a wraith (11 damage)
             ... in an ossuary.
             The game lasted 00:09:07 (6277 turns).

emperorscorpion the Conjurer (Draconian Conjurer)   Turns: 6277, Time: 00:09:08

Health: -8/47      AC:  7    Str: 15    XL:     6   Next: 66%
Magic:  3/11       EV: 19    Int: 25    God:
Gold:   292        SH:  0    Dex: 16    Spells: 3/11 levels left

rFire    . . .     SeeInvis +   a - +0 spear
rCold    . . .     Gourm    .   (no shield)
rNeg     . . .     Faith    .   (armour unavailable)
rPois    .         Spirit   .   (helmet restricted)
rElec    .         Reflect  .   v - +0 cloak
rCorr    .         Harm     .   (no gloves)
MR       .....                  (no boots)
Stlth    +++.......             t - amulet of magic regeneration
HPRegen  0.15/turn              c - ring of see invisible
MPRegen  0.37/turn              w - +2 ring of intelligence

@: mighty, brilliant, agile, slowed, very slow
A: unfitting armour, cold-blooded, AC +6
a: no special abilities


You were in an ossuary.
You were not hungry.

You visited 1 branch of the dungeon, and saw 5 of its levels.
You also visited: Ossuary.

You collected 292 gold pieces.

Inventory:

Hand Weapons
 a - a +0 spear (weapon)
 b - a +0 hunting sling
Missiles
 d - 18 sling bullets
 e - 6 tomahawks (quivered)
 h - 76 stones
 p - 25 poisoned needles
Armour
 f - a +0 buckler
 v - a +0 cloak (worn)
Jewellery
 c - a ring of see invisible (left hand)
 l - an uncursed amulet of rage
 t - an amulet of magic regeneration (around neck)
 w - a +2 ring of intelligence (right hand)
Wands
 B - a wand of iceblast (11)
 E - a wand of random effects (18)
Scrolls
 i - 2 scrolls of remove curse {unknown}
 j - a scroll of blinking {unknown}
 k - 4 scrolls of identify {unknown}
 o - a scroll of immolation {unknown}
 q - a scroll of fear {unknown}
 x - a scroll of magic mapping {unknown}
 y - a scroll of enchant weapon {unknown}
Potions
 m - a potion of flight
 s - 2 potions of brilliance
 u - a potion of haste {unknown}
 z - a potion of mutation {unknown}
 A - a potion of cancellation {unknown}
 C - a potion of invisibility {unknown}
 D - 2 potions of heal wounds {unknown}
Comestibles
 g - 7 rations


   Skills:
 + Level 1.2 Fighting
 + Level 2.4 Polearms
 + Level 0.1 Throwing
 + Level 3.2 Dodging
 + Level 2.3 Stealth
 - Level 0.2 Shields
 + Level 0.3 Unarmed Combat
 + Level 3.4 Spellcasting
 + Level 5.4 Conjurations
 + Level 0.8 Hexes
 + Level 0.1 Evocations


You had 3 spell levels left.
You knew the following spells:

 Your Spells              Type           Power        Failure   Level  Hunger
a - Magic Dart            Conj           ####         1%          1    None
b - Dazzling Spray        Conj/Hex       ####..       1%          3    ###....
c - Iskenderun's Mystic   Conj           #####...     1%          4    ####...

Your spell library contained the following spells:

 Spells                   Type           Power        Failure   Level  Hunger
 Fulminant Prism          Conj/Hex       ####......   3%          4    ####...
 Force Lance              Conj/Tloc      ####....     3%          4    ####...
 Searing Ray              Conj           #####.       1%          2    #......


Dungeon Overview and Level Annotations

Branches:
Dungeon (5/15)
 Temple: D:4-7

Altars:
Nemelex Xobeh
Zin

Shops:
D:5 :


Innate Abilities, Weirdness & Mutations

Your plain brown scales are hard. (AC +6)
You cannot fit into any form of body armour.
You are cold-blooded and may be slowed by cold attacks.


Message History

Aiming: Magic Dart (safe; 1% risk of failure)
Press: ? - help, Shift-Dir - straight line, f/p - wraith
Aim: a wraith (almost destroyed)
The magic dart hits the wraith.
The wraith is almost destroyed.
The wraith hits you!
* * * LOW HITPOINT WARNING * * *
The wraith drains your vigour!
You feel as though you will be slow longer.
The wraith closely misses you.
It was a potion of agility.
You feel agile all of a sudden. The wraith closely misses you.
It was a potion of brilliance.
You feel clever all of a sudden. The wraith misses you.
The wraith completely misses you.
It was a potion of might.
You feel very mighty all of a sudden. The wraith hits you!
You die...

#.###.....###.#
#.#z#.....# #.#
#.###.....###.#
#.............#
#.............#
#.###.###.###.#
#.#.#.# .# #
#.W##.###.#
#.@........
###########


You could see a wraith.

Vanquished Creatures
  A bullfrog (D:2)
  3 hounds
  Crazy Yiuf (D:4)
  A bullfrog skeleton (D:4)
  4 adders
  7 gnolls (D:2)
  An ooze (D:1)
  2 adder zombies
  An adder skeleton (D:4)
  5 worms
  4 dart slugs
  A leopard gecko (D:4)
  5 orcs
  2 ball pythons
  6 bats
  A giant cockroach (D:2)
  6 goblins
  9 hobgoblins
  6 jackals (D:2)
  2 quokkas (D:3)
  2 ball python skeletons (Ossuary)
  3 frilled lizards
  2 hobgoblin skeletons (Ossuary)
  A hobgoblin zombie (Ossuary)
  4 kobolds
  A kobold zombie (Ossuary)
  2 orc skeletons (Ossuary)
  An orc zombie (Ossuary)
  12 rats
96 creatures vanquished.

Notes
Turn   | Place    | Note
-------+----------+-------------------------------------------
     0 | D:1      | emperorscorpion the Draconian Conjurer began the quest for the Orb.
     0 | D:1      | Reached XP level 1. HP: 14/14 MP: 3/3
   192 | D:1      | Reached XP level 2. HP: 13/20 MP: 0/5
  1257 | D:1      | Reached XP level 3. HP: 26/26 MP: 3/6
  1761 | D:2      | Found a faded altar of an unknown god.
  2221 | D:2      | Learned a level 3 spell: Dazzling Spray
  2268 | D:2      | Reached XP level 4. HP: 20/33 MP: 0/7
  2489 | D:2      | Found a sparkling altar of Nemelex Xobeh.
  3151 | D:2      | Reached skill level 5 in Conjurations
  3196 | D:2      | Reached XP level 5. HP: 26/39 MP: 2/9
  3231 | D:2      | Learned a level 4 spell: Iskenderun's Mystic Blast
  3501 | D:2      | Found a glowing silver altar of Zin.
  3576 | D:2      | Reached skill level 1 in Fighting
  3576 | D:2      | Reached skill level 1 in Polearms
  4228 | D:3      | Reached XP level 6. HP: 42/47 MP: 1/10
  5342 | D:4      | Found a runed door.
  5346 | D:4      | Noticed Crazy Yiuf
  5353 | D:4      | Killed Crazy Yiuf
  5900 | D:5      | Entered Level 5 of the Dungeon
  6026 | D:5      | Found Fiema's Book Emporium.
  6043 | D:5      | Found a sand-covered staircase.
  6056 | Ossuary  | Entered an ossuary
  6221 | Ossuary  | Noticed a flying skull
  6221 | Ossuary  | Noticed a wraith
  6254 | Ossuary  | Noticed a flying skull
  6262 | Ossuary  | Noticed a wraith
  6274 | Ossuary  | HP: 2/47 [wraith (14)]
  6277 | Ossuary  | Mangled by a wraith

Vault maps used:
D:1:      saegor_arrival_simple_d
D:2:      nicolae_overflow_crystal_walls, lemuel_coloured_pillars_altar,
          chequers_ecumenical_altar_island
D:3:      first_ration
D:4:      uniq_crazy_yiuf_cottage
D:5:      nicolae_ossuary_entry_ruins, serial_shops, shop
Ossuary:  ossuary_due_cavern

Skill      XL: |  1  2  3  4  5  6 |
---------------+-------------------+-----
Dodging        | 2 3 |  3.2
Conjurations   | 5 |  5.4
Stealth        | 2 |  2.3
Fighting       | 1 |  1.2
Polearms       | 1 2 |  2.4
Spellcasting   | 3 |  3.4
Throwing       | |  0.1
Shields        | |  0.2
Unarmed Combat | |  0.3
Hexes          | |  0.8
Evocations     | |  0.1

Action                   |  1- 3 |  4- 6 || total
-------------------------+-------+-------++-------
Melee: Unarmed           |     7 |       ||     7
       Tailslap          |     3 |    18 ||    21
       Spear             |    19 |   204 ||   223
 Fire: Hunting sling     |     3 |     1 ||     4
Throw: Tomahawk          |       |     5 ||     5
 Cast: Magic Dart        |    86 |    56 ||   142
       Dazzling Spray    |     1 |     7 ||     8
       Iskenderun's Myst |       |    15 ||    15
 Abil: Evoke Berserk Rag |       |     1 ||     1
  Use: Potion            |       |     6 ||     6
 Stab: Invisible         |       |     2 ||     2
       Sleeping          |       |     5 ||     5
  Eat: Chunk             |     5 |    11 ||    16
       Ration            |       |     3 ||     3
Armor: Skin              |     5 |    47 ||    52
Dodge: Dodged            |    23 |   108 ||   131
Block: Buckler           |     2 |    15 ||    17

Table legend:
 A = Spawn XP
 B = Non-spawn XP
 C = Spawn XP percentage of total XP
 D = Spawn monster count
 E = Non-spawn monster count
 F = Spawn count percentage of total count
 G = Total turns spent on level
                    A         B        C        D         E        F      G
               +---------+---------+-------+---------+---------+-------+---------
         Total |       0 |     616 |   0.0 |       0 |      96 |   0.0 |  6277
               +---------+---------+-------+---------+---------+-------+---------
           D:1 |       0 |      51 |   0.0 |       0 |      29 |   0.0 |  1781
           D:2 |       0 |     266 |   0.0 |       0 |      35 |   0.0 |  2006
           D:3 |       0 |      96 |   0.0 |       0 |      13 |   0.0 |  1046
           D:4 |       0 |     103 |   0.0 |       0 |       7 |   0.0 |  1067
           D:5 |       0 |      85 |   0.0 |       0 |       2 |   0.0 |   156
       Ossuary |       0 |      15 |   0.0 |       0 |      10 |   0.0 |   221
               +---------+---------+-------+---------+---------+-------+---------
